 Dungeon Crawl Stone Soup version 0.31-a0-986-g5e6e4ef867 (webtiles) character file.

Game seed: 6547958320075794039

14785 avis the Nimble (level 11, -24/51 HPs)
             Began as a Felid Summoner on Nov 14, 2023.
             Was an Initiate of Gozag.
             Hit by a silver javelin thrown by a minotaur (30 damage)
             ... on level 2 of the Lair of Beasts on Nov 16, 2023.
             The game lasted 02:05:26 (16946 turns).

avis the Nimble (Felid Summoner)                   Turns: 16946, Time: 02:05:27

Health: -24/51     AC:  2    Str:  4    XL:     11   Next: 93%
Magic:  18/24      EV: 25    Int: 25    God:    Gozag
Gold:   1261       SH:  0    Dex: 19    Spells: 8/26 levels left
                                        Lives:  0   Deaths: 2

rFire   . . .        (weapon unavailable)
rCold   . . .        (shield unavailable)
rNeg    . . .        (body armour unavailable)
rPois   .            (helmet unavailable)
rElec   .            (cloak unavailable)
rCorr   .            (gloves unavailable)
SInv    +            (boots unavailable)
Will    +....        B - amulet of regeneration
Stlth   ++           s - ring of wizardry
HPRegen 1.08/turn    v - +6 ring of intelligence
MPRegen 0.19/turn

%: wizardry (x1)
@: quick
A: very small, claws 1, fangs 3, see invisible, speed 1, shaggy fur 2, stealthy
paws, no weapons or thrown items, no armour, multi-lived
a: Renounce Religion, Potion Petition, Call Merchant, Bribe Branch


You were on level 2 of the Lair of Beasts.
You worshipped Gozag.
Gozag was most pleased with you.
You visited 3 branches of the dungeon, and saw 11 of its levels.
You also visited: Bailey and Gauntlet.

You collected 1700 gold pieces.
You spent 396 gold pieces at shops.
You paid 43 gold pieces to Gozag.

Inventory:

Jewellery
 e - a ring of willpower
 i - an amulet of the acrobat
 k - a +5 ring of evasion
 s - a ring of wizardry (left paw)
 v - a +6 ring of intelligence (right paw)
 B - an amulet of regeneration (around neck)
Talismans
 l - a blade talisman
Wands
 r - a wand of digging (6)
 u - a wand of light (11)
 w - a wand of paralysis (12)
 A - a wand of iceblast (9)
Scrolls
 b - a scroll of silence {unknown}
 c - a scroll of amnesia {unknown}
 f - a scroll of fear {unknown}
 g - 2 scrolls of teleportation {unknown}
 j - a scroll of revelation {unknown}
 n - 2 scrolls of blinking {unknown}
 p - 3 scrolls of vulnerability {unknown}
 x - a scroll of poison {unknown}
 z - 2 scrolls of fog {unknown}
 D - a scroll of enchant weapon {unknown}
Potions
 a - a potion of magic
 d - 2 potions of enlightenment {unknown}
 h - a potion of cancellation
 m - 3 potions of attraction
 o - 3 potions of lignification
 q - a potion of mutation {unknown}
 t - 3 potions of ambrosia
 y - 2 potions of heal wounds
Miscellaneous
 C - a lightning rod (4/4)


   Skills:
 + Level 7.8 Fighting
 + Level 10.6 Dodging
 - Level 2.6 Stealth
 + Level 8.2 Spellcasting
 - Level 5.0 Hexes
 + Level 8.8 Summonings
 - Level 3.0 Ice Magic
 - Level 7.0 Air Magic
 * Level 6.2 Shapeshifting


You had 8 spell levels left.
You knew the following spells:

 Your Spells              Type           Power      Damage    Failure   Level
a - Summon Small Mammal   Summ           100%       N/A       1%          1
b - Blink                 Tloc           20%        N/A       3%          2
c - Call Imp              Summ           100%       N/A       1%          2
d - Call Canine Familiar  Summ           53%        N/A       1%          3
g - Summon Guardian Gole  Hex/Summ       45%        N/A       1%          3
l - Summon Lightning Spi  Summ/Air       50%        N/A       1%          4
o - Ozocubu's Armour      Ice            25%        N/A       2%          3

Your spell library contained the following spells:

 Spells                   Type           Power      Damage    Failure   Level
 Lesser Beckoning         Tloc           20%        N/A       3%          2
 Momentum Strike          Conj/Tloc      20%        3d8       3%          2
 Gell's Gravitas          Tloc           10%        N/A       8%          3
 Teleport Other           Tloc           10%        N/A       8%          3
 Lee's Rapid Deconstruct  Erth           5%         3d6*      52%         5
 Haunt                    Necr/Summ      16%        N/A       95%         7
 Dispersal                Tloc           5%         N/A       97%         6
 Ozocubu's Refrigeration  Ice            12%        4d10      99%         7
 Infestation              Necr           5%         N/A       100%        8
 Animate Armour           Summ/Erth      Unusable   N/A       N/A         4
 Animate Dead             Necr           Unusable   N/A       N/A         4

Dungeon Overview and Level Annotations

Branches:
Dungeon (8/15)             Temple (1/1) D:5            Lair (2/5) D:8
 Shoals (0/4) Lair:2        Snake (0/4) Lair:2       Bailey (visited)
Gauntlet (visited)

Altars:
Ashenzari
Cheibriados
Dithmenos
Elyvilon
Fedhas
Gozag
Hepliaklqana
Kikubaaqudgha
Makhleb
Nemelex Xobeh
Qazlal
Ru
Sif Muna
Trog
Uskayaw
Vehumet
Wu Jian
Yredelemnul
Zin
The Shining One

Shops:
D:4 =

Annotations:
D:6 2 transporters, Hubris850's ghost, novice MfIE


Innate Abilities, Weirdness & Mutations

You have sharp claws.
You have razor-sharp teeth.
You have supernaturally acute eyesight. (SInv)
You cover ground quickly. (Speed+)
You are covered in thick fur. (AC +2)
Your paws help you pounce on unaware monsters.
You are incapable of wielding weapons or throwing items.
You cannot wear armour.
You gain extra lives every three experience levels.


Message History

Your guardian golem disappears in a puff of smoke!
The silver javelin completely misses you.
Your guardian golem explodes!
The fiery explosion engulfs the minotaur!!
Casting: Summon Guardian Golem (safe; 1% risk of failure)
Confirm with . or Enter, or press ? or * to list all spells.
A guardian golem appears, shielding your allies.
The minotaur is engulfed in blazing flames.
The minotaur hits your guardian golem. The minotaur gores your guardian golem!
Your lightning spire shoots out a bolt of lightning at the minotaur!
The bolt of electricity hits the minotaur.
Your guardian golem is engulfed in blazing flames.
Your guardian golem is engulfed in blazing flames.
You start resting.
Your guardian golem is destroyed!
Your guardian golem disappears in a puff of smoke!
You start resting.
Magic restored.
There is a fountain of clear blue water here.
Casting: Summon Guardian Golem (safe; 1% risk of failure)
Confirm with . or Enter, or press ? or * to list all spells.
An electric hum fills the air.
Your lightning spire shoots out a bolt of lightning at the minotaur!
The bolt of electricity hits the minotaur but does no damage.
The minotaur throws a silver javelin.
The silver javelin pierces through your lightning spire!
The silver javelin pierces through you!!!
Ouch! That really hurt!
* * * LOW HITPOINT WARNING * * *
x2 The minotaur hits your lightning spire!
Your lightning spire is destroyed!
Your lightning spire disappears in a puff of smoke!
Casting: Summon Lightning Spire (dangerous; 1% risk of failure)
Confirm with . or Enter, or press ? or * to list all spells.
A guardian golem appears, shielding your allies.
The minotaur throws a silver javelin.
The silver javelin pierces through you!!
Ouch! That really hurt!
You die...
Your body crumbles into a pile of gold.

#.##########.#.#
#.#........#.#.#
#.#.⌠####⌠.#.#.##########
#.#.##..##.#.#.#.........
#.#.#.#.88.#.#.#.#.........
#.#.#.#.<8...#.#.'.....####
#.#...##..##H###.#....###
#.#.#.⌠####§§# #.#....#.###
#.#.#.....@.9# #.#.........
#.#.########## #.#......#..
#.#.. #.#.....##..
#.##############.#....+....
#.............(..#.....#..#
##################.....##.#
#...............)##+.
#....................
#....................


You could see a minotaur (ally target) and a friendly guardian golem (summoned).

Vanquished Creatures
  A sleepcap (D:7)
  An orc (D:7)
  A ball python (D:1)
  2 hobgoblins (D:1)
  A bat (D:1)
  A frilled lizard (D:2)
  2 rats
9 creatures vanquished.

Vanquished Creatures (collateral kills)
  A hydra (Lair:1)
  Amaemon (Lair:1)
  3 harpies (Lair:1)
  2 black mambas (Lair:1)
  2 cane toads (Lair:1)
  2 komodo dragons (D:8)
  Prince Ribbit (Lair:1)
  9 blink frogs (Lair:1)
  3 wyverns
  11 yaks
  A steam dragon (D:8)
  2 nagas (Lair:2)
  2 water moccasins
  Duvessa (D:4)
  An acid dragon (D:8)
  2 black bears
  An orc warrior (D:8)
  A centaur (D:8)
  A phantom (D:4)
  2 bullfrogs (D:8)
  A kobold brigand (D:8)
  2 scorpions
  Dowan (D:4)
  A killer bee (D:7)
  A howler monkey (D:6)
  A jelly (D:6)
  2 hounds
  2 orc priests
  A sleepcap (D:6)
  4 orc wizards
  2 iguanas
  11 adders
  A shadow imp (D:6)
  2 worms (D:4)
  6 dart slugs
  26 orcs
  6 ball pythons
  11 endoplasms
  A giant cockroach (D:4)
  7 goblins
  6 hobgoblins
  8 quokkas
  A bat (D:2)
  8 frilled lizards
  12 kobolds
  8 rats
181 creatures vanquished.

Vanquished Creatures (others)
  Erica (D:8)
  A harpy (Lair:1)
  Joseph (D:7)
  2 komodo dragons
  A wyvern (D:8)
  5 yaks (Lair:1)
  2 steam dragons
  A naga (Lair:2)
  2 water moccasins
  3 orc warriors
  A sky beast (D:6)
  An ice beast (D:5)
  A black bear (D:8)
  An ogre (D:7)
  A phantom (D:6)
  A gnoll sergeant (D:7)
  3 bullfrogs
  2 killer bees (D:7)
  A hound (D:6)
  2 iguanas (D:7)
  5 gnolls (D:7)
  2 orcs (D:7)
40 creatures vanquished.

Grand Total: 230 creatures vanquished

Notes
Turn   | Place    | Note
-------+----------+-------------------------------------------
     0 | D:1      | avis the Felid Summoner began the quest for the Orb.
     0 | D:1      | Reached XP level 1. HP: 7/7 MP: 4/4
   287 | D:1      | Found a faded altar of an unknown god.
   434 | D:1      | Reached XP level 2. HP: 11/11 MP: 0/6
   576 | D:1      | Reached skill level 3 in Dodging
   985 | D:1      | Reached XP level 3. HP: 13/14 MP: 5/8
   986 | D:1      | Learned a level 2 spell: Call Imp
   990 | D:1      | Learned a level 3 spell: Call Canine Familiar
  2661 | D:3      | Reached XP level 4. HP: 18/18 MP: 3/9
  2878 | D:3      | Reached skill level 1 in Fighting
  2965 | D:2      | Learned a level 3 spell: Summon Guardian Golem
  3037 | D:3      | Reached XP level 5. HP: 22/22 MP: 2/11
  3490 | D:3      | Found a white marble altar of Elyvilon.
  3491 | D:3      | Found a glowing silver altar of Zin.
  3493 | D:3      | Found a glowing golden altar of the Shining One.
  4093 | D:4      | Reached skill level 1 in Hexes
  4622 | D:4      | Noticed a black bear
  4650 | D:4      | Found Muriets's Jewellery Shoppe.
  4678 | D:4      | Killed a black bear
  4679 | D:4      | Reached skill level 4 in Dodging
  4679 | D:4      | Gained mutation: You are covered in thick fur. (AC +2)
                  | [Felid growth]
  4679 | D:4      | Reached XP level 6. HP: 21/26 MP: 3/13
  4909 | D:4      | Found an opulent altar of Gozag.
  4931 | D:4      | Reached skill level 5 in Summonings
  4940 | D:4      | Became a worshipper of Gozag Ym Sagoz the Greedy
  5249 | D:4      | Noticed Dowan
  5353 | D:4      | Noticed Duvessa
  5578 | D:4      | Killed Duvessa
  5579 | D:4      | Reached XP level 7. HP: 18/30 MP: 3/15
  5585 | D:4      | Killed Dowan
  5682 | D:4      | Learned a level 4 spell: Summon Lightning Spire
  5748 | D:5      | Identified the "Ycsodur"
  5748 | D:5      | Entered Level 5 of the Dungeon
  6027 | D:5      | Found a staircase to the Ecumenical Temple.
  6033 | Temple   | Entered the Ecumenical Temple
  6092 | D:5      | Reached skill level 5 in Dodging
  6248 | D:5      | Found a bloodstained altar of Trog.
  6321 | D:5      | Reached skill level 5 in Spellcasting
  6321 | D:5      | Reached skill level 1 in Air Magic
  6969 | D:6      | Found a basalt altar of Yredelemnul.
  7079 | D:6      | Noticed a steam dragon
  7115 | D:6      | Killed a steam dragon
  7116 | D:6      | Reached XP level 8. HP: 34/34 MP: 8/16
  7449 | D:6      | Noticed a hornet
  7455 | D:6      | Found a transporter.
  7523 | D:6      | Found a transporter.
  7550 | D:6      | Noticed Hubris850's ghost (novice MfIE)
  8022 | D:7      | Reached skill level 6 in Dodging
  8107 | D:7      | Reached skill level 5 in Hexes
  8343 | D:7      | Found a flagged portal.
  8432 | Bailey   | Entered a bailey
  8644 | D:7      | Learned a level 3 spell: Ozocubu's Armour
  8717 | D:7      | Reached skill level 1 in Ice Magic
  8903 | D:7      | Reached XP level 9. HP: 39/39 MP: 10/18
  9082 | D:7      | Noticed Joseph
  9091 | D:7      | Killed Joseph
  9567 | D:7      | Reached skill level 7 in Dodging
 10021 | D:4      | Bought a +6 ring of intelligence for 396 gold pieces
 10026 | D:4      | Learned a level 2 spell: Blink
 10417 | D:8      | Reached skill level 5 in Air Magic
 10654 | D:8      | Reached skill level 5 in Fighting
 10876 | D:8      | Found a staircase to the Lair.
 10876 | D:8      | Noticed a komodo dragon
 10876 | D:8      | Noticed a komodo dragon
 10956 | D:8      | Killed a komodo dragon
 10957 | D:8      | Reached XP level 10. HP: 44/44 MP: 7/20
 11122 | D:8      | Reached skill level 8 in Dodging
 11427 | D:8      | Found a radiant altar of Vehumet.
 11853 | D:8      | Noticed Erica
 11862 | D:8      | Killed Erica
 12154 | Gauntlet | Identified the "Keko"
 12154 | Lair:1   | Entered Level 1 of the Lair of Beasts
 12154 | Lair:1   | Found a gate leading to a gauntlet.
 12413 | Gauntlet | Entered a Gauntlet
 12413 | Gauntlet | Found a transporter.
 12419 | Gauntlet | Found a transporter.
 12423 | Gauntlet | Found a transporter.
 12427 | Gauntlet | Noticed a rust devil
 12434 | Gauntlet | Found a transporter.
 12435 | Gauntlet | Found a transporter.
 12437 | Gauntlet | Noticed a wolf spider
 12440 | Gauntlet | Noticed an entropy weaver
 12443 | Gauntlet | Found a transporter.
 12447 | Gauntlet | Found a transporter.
 12451 | Gauntlet | Noticed an entropy weaver
 12453 | Gauntlet | Noticed a wolf spider
 12455 | Gauntlet | Found a transporter.
 12459 | Gauntlet | Found a transporter.
 12468 | Gauntlet | Found a transporter.
 12488 | Gauntlet | Found a transporter.
 12500 | Gauntlet | Found a transporter.
 12512 | Gauntlet | Found a transporter.
 12524 | Gauntlet | Found a transporter.
 12955 | Lair:1   | Noticed a black mamba
 12972 | Lair:1   | Killed a black mamba
 13226 | Lair:1   | Reached skill level 9 in Dodging
 13226 | Lair:1   | Reached skill level 1 in Shapeshifting
 13797 | Lair:2   | Noticed Prince Ribbit
 13798 | Lair:2   | Noticed a black mamba
 13849 | Lair:1   | Reached XP level 11. HP: 16/49 MP: 8/23
 13993 | Lair:1   | Killed Prince Ribbit
 15025 | Lair:2   | Found a radiant altar of Vehumet.
 15073 | Lair:2   | Noticed a harpy
 15073 | Lair:2   | Noticed a seven-headed hydra
 15073 | Lair:2   | Noticed a harpy
 15126 | Lair:1   | Killed a harpy
 15218 | Lair:1   | HP: 2/50 [seven-headed hydra (11)]
 15219 | Lair:1   | Mangled by a seven-headed hydra
 15228 | Lair:1   | Killed a seven-headed hydra
 15229 | Lair:1   | Reached skill level 10 in Dodging
 15354 | Lair:1   | Killed a harpy
 15355 | Lair:1   | Reached skill level 5 in Shapeshifting
 15406 | Lair:2   | Found a staircase to the Shoals.
 15406 | Lair:2   | Noticed a harpy
 15407 | Lair:2   | Noticed a harpy
 15433 | Lair:1   | Killed a harpy
 15494 | Lair:1   | Killed a harpy
 15583 | Lair:2   | Noticed Amaemon
 15611 | Lair:1   | Succumbed to Amaemon's poison
 15634 | Lair:1   | Killed Amaemon
 15756 | Lair:2   | Found a runed translucent door.
 16128 | Lair:2   | Found a staircase to the Snake Pit.
 16861 | Lair:2   | Noticed a minotaur
 16946 | Lair:2   | Hit by a silver javelin thrown by a minotaur

Illustrated notes

Levels and vault maps discovered:
D:1:      wander_arrival_lonely_grave, layout_basic,
          shapermc_ecumenical_altar_mp_vishouse, minmay_misc_feat_hallway,
          feat_on_display
D:2:      layout_basic, minmay_lizard_pond
D:3:      layout_basic, good_gods_temple_1, chequers_jeans
D:4:      layout_gridville, nicolae_overflow_crystal_walls, serial_shops,
          nicolae_shop_real_fake_doors, uniq_duvessa
D:5:      layout_loops_ring, mainiacjoe_overflow_boulevard,
          minmay_temple_entry_wispy
D:6:      layout_basic, lemuel_doored_altar, gammafunk_ghost_hive
D:7:      layout_loops_corners, enter_bailey_4, uniq_joseph
D:8:      layout_loops_ring, nicolae_vehumet_radiance, erik_lair_dragon,
          serial_aquarium, aquarium_bridge_square [aquarium_subvault_bridge,
          aquarium_subvault_window, aquarium_subvault_window,
          aquarium_subvault_wall], aquarium_window_2,
          aquarium_window_corridor_1, aquarium_window_fake,
          aquarium_window_fake, aquarium_view_2c, aquarium_view_2a,
          aquarium_pool_five, uniq_erica
Temple:   nicolae_temple_bog_church
Lair:1:   layout_small_grid, gauntlet_entry_generic, grunt_megastairs_3
Lair:2:   dreamdust_labyrinth, layout_regular_city, nicolae_shoals_entry_roost,
          guppyfry_snake_entry_garden, basic_altar, minivault_19, uniq_amaemon,
          uniq_prince_ribbit2

Skill      XL: |  1  2  3  4  5  6  7  8  9 10 11 |
---------------+----------------------------------+-----
Dodging        | 3 4 5 6 7 9 10 | 10.6
Spellcasting   | 3 4 5 6 7 8 |  8.2
Fighting       | 1 2 3 4 5 6 7 |  7.8
Hexes          | 2 3 4 5 |  5.0
Summonings     | 5 6 7 8 |  8.8
Air Magic      | 2 4 5 7 |  7.0
Ice Magic      | 1 3 |  3.0
Shapeshifting  | 2 6 |  6.2
Stealth        | |  2.6

Action                     |  1- 3 |  4- 6 |  7- 9 | 10-12 || total
---------------------------+-------+-------+-------+-------++-------
  Melee: Unarmed           |    21 |     5 |    14 |       ||    40
         Bite              |     4 |       |     6 |       ||    10
   Cast: Summon Small Mamm |    61 |    29 |    12 |    17 ||   119
         Call Imp          |    13 |    27 |    36 |    16 ||    92
         Call Canine Famil |     8 |    27 |    44 |    42 ||   121
         Summon Guardian G |       |     4 |    38 |    40 ||    82
         Summon Lightning  |       |       |     8 |    43 ||    51
         Ozocubu's Armour  |       |       |     1 |       ||     1
         Blink             |       |       |       |     1 ||     1
    Use: Scroll            |       |       |     3 |     2 ||     5
         Potion            |       |       |     1 |       ||     1
   Stab: Sleeping          |       |     1 |     1 |       ||     2
 Armour: Skin              |    12 |     9 |    16 |    78 ||   115
  Dodge: Dodged            |    17 |    21 |   105 |   254 ||   397

Table legend: (Time is in decaauts)
 A = Elapsed time spent in this place.
 B = Non-inter-level travel time spent in this place.
 C = Inter-level travel time spent in this place.
 D = Time resting spent in this place.
 E = Time spent auto-exploring this place.
 F = Levels seen in this place.
 G = Mean time per level.
                   A        B        C        D        E       F      G
               +--------+--------+--------+--------+--------+-----+--------+
         Total |  15055 |  13984 |   1071 |   4193 |   5316 |  13 | 1158.1 |
       Dungeon |  10840 |   9872 |    968 |   2471 |   4409 |   8 | 1355.0 |
        Temple |     11 |     11 |      0 |      0 |      0 |   1 |   11.0 |
          Lair |   3968 |   3866 |    102 |   1722 |    906 |   2 | 1984.0 |
        Bailey |     93 |     93 |      0 |      0 |      0 |   1 |   93.0 |
      Gauntlet |    140 |    140 |      0 |      0 |      0 |   1 |  140.0 |
               +--------+--------+--------+--------+--------+-----+--------+

Top non-repeatable levels by time:
  Lair:1: 2808 daAuts
     D:8: 1946 daAuts
     D:7: 1781 daAuts
     D:4: 1713 daAuts
     D:2: 1282 daAuts
     D:1: 1164 daAuts
  Lair:2: 1160 daAuts
     D:6: 1106 daAuts
     D:3: 1008 daAuts
     D:5: 837 daAuts
Gauntlet: 140 daAuts
  Bailey: 93 daAuts
  Temple: 11 daAuts
